 Dungeon Crawl Stone Soup version 0.27-a0-988-g25969acef8 (webtiles) character file.

Game seed: 14936192476441812614

34909 siradein the Thaumaturge (level 13, -5/84 HPs)
             Began as a Djinni Earth Elementalist on Apr 14, 2021.
             Was a High Priest of Hepliaklqana.
             Killed from afar by a rime drake (13 damage)
             ... with a flash freeze
             ... on level 4 of the Lair of Beasts on Apr 15, 2021.
             The game lasted 01:28:47 (26214 turns).

siradein the Thaumaturge (DjEE)                    Turns: 26214, Time: 01:28:48

Health: -5/84      AC: 13    Str:  7    XL:     13   Next: 80%
Gold:   979        EV: 10    Int: 28    God:    Hepliaklqana [*****.] SH:  0 Dex: 14

rFire    + + +     SeeInvis .   I - staff of conjuration
rCold    x . .     Faith    +   (no shield)
rNeg     . . .     Spirit   .   u - +0 scale mail
rPois    ∞         Reflect  .   O - +1 hat
rElec    .         Harm     .   q - +1 cloak
rCorr    .         Rampage  .   l - +0 pair of gloves
Will     +....                  (boots unavailable)
Stlth    +.........             j - amulet of faith
HPRegen  0.24/turn              P - ring of Faumup {Wiz rF+ MP-9 Stlth+}
MPRegen  0.00/turn              C - +6 ring of intelligence

@: flying, studying Throwing
A: reduced essence, fire resistance 2, cold vulnerability 1, float, innate
caster, hp casting, extra vitality 1
a: Renounce Religion, Recall Ancestor, Ancestor Identity, Transference, Idealise


You were on level 4 of the Lair of Beasts.
You worshipped Hepliaklqana.
Hepliaklqana was extremely pleased with you.
You visited 3 branches of the dungeon, and saw 16 of its levels.

You collected 979 gold pieces.

Inventory:

Hand Weapons
 A - a +6 dire flail of protection
Missiles
 b - 264 stones
 D - 2 curare-tipped darts
Armour
 l - a +0 pair of gloves (worn)
 q - a +1 cloak (worn)
 u - a +0 scale mail (worn)
 O - a +1 hat (worn)
Magical Staves
 I - a staff of conjuration (weapon)
Jewellery
 j - an amulet of faith (around neck)
 v - a +4 ring of protection
 C - a +6 ring of intelligence (right hand)
 J - a ring of fire
 P - the ring of Faumup (left hand) {Wiz rF+ MP-9 Stlth+}
   (You took it off a tengu warrior on level 11 of the Dungeon)

   [ring of wizardry]

   It improves your spell success rate.
   It protects you from fire.
   It affects your magic capacity (-9).
   It makes you more stealthy.
Wands
 s - a wand of flame (49)
 w - a wand of acid (19)
 y - a wand of polymorph (10)
 B - a wand of mindburst (25)
Scrolls
 a - 7 scrolls of teleportation
 d - a scroll of blinking {unknown}
 f - a scroll of silence {unknown}
 g - 5 scrolls of enchant weapon {unknown}
 i - 3 scrolls of amnesia {unknown}
 o - 3 scrolls of immolation {unknown}
 p - 4 scrolls of identify
 r - 3 scrolls of noise {unknown}
 t - 3 scrolls of fog {unknown}
 x - a scroll of holy word {unknown}
 z - 3 scrolls of fear {unknown}
 E - 2 scrolls of magic mapping {unknown}
 F - a scroll of enchant armour {unknown}
 H - 2 scrolls of brand weapon {unknown}
 K - a scroll of torment {unknown}
Potions
 c - a potion of berserk rage
 e - a potion of resistance
 h - 9 potions of curing
 k - 3 potions of attraction
 m - 4 potions of heal wounds
 n - 2 potions of cancellation
 G - 4 potions of haste
 L - 4 potions of lignification
 N - 2 potions of might {unknown}
 Q - a potion of invisibility {unknown}
 R - a potion of ambrosia {unknown}
 S - a potion of mutation {unknown}
Miscellaneous
 M - a piece from Xom's chessboard (15/15)


   Skills:
 + Level 9.3 Fighting
 + Level 9.3 Armour
 + Level 10.4 Dodging
 - Level 1.5 Stealth
 + Level 13.8 Spellcasting
 + Level 3.9 Invocations


You had 5 spell levels left.
You knew the following spells:

 Your Spells              Type           Power      Damage    Failure   Level
a - Sandblast             Erth           100%       2d20      1%          1
b - Passwall              Tmut/Erth      64%        N/A       1%          2
c - Stone Arrow           Conj/Erth      100%       3d13      1%          3
d - Petrify               Tmut/Erth      77%        N/A       1%          4
e - Lee's Rapid Deconstr  Erth           38%        3d20*     1%          5
f - Foxfire               Conj/Fire      100%       2x1d9     1%          1
g - Wereblood             Tmut           77%        N/A       1%          2
h - Ignite Poison         Fire/Tmut/Pois 77%        N/A       1%          3
i - Vampiric Draining     Necr           38%        2d11      1%          3
j - Borgnjor's Vile Clut  Necr/Erth      38%        N/A       1%          5
k - Alistair's Intoxicat  Tmut/Pois      51%        N/A       1%          5
Your spell library was empty.

Dungeon Overview and Level Annotations

Branches:
Dungeon (11/15)            Temple (1/1) D:4            Lair (4/6) D:9
 Shoals (0/4) Lair:2        Snake (0/4) Lair:4          Orc (0/2) D:9

Altars:
Ashenzari
Cheibriados
Dithmenos
Elyvilon
Fedhas
Gozag
Hepliaklqana
Kikubaaqudgha
Makhleb
Nemelex Xobeh
Okawaru
Qazlal
Ru
Sif Muna
Trog
Uskayaw
Vehumet
Wu Jian
Xom
Yredelemnul
Zin
The Shining One

Shops:
D:7 (   D:8 (   D:11 [=?(:


Innate Abilities, Weirdness & Mutations

Your life essence is reduced to manifest your ancestor. (-10% HP)
You are immune to poison.
Your flesh is very heat resistant. (rF++)
You are vulnerable to cold. (rC-)
You float through the air rather than walking.
You learn spells naturally, not from books.
Your magical power is your life essence.
You have superior vitality. (+4 HP)


Message History

The death yak gores you.
* * * LOW HITPOINT WARNING * * *
The ice encasing you melts away.
The zombie hands constrict the death yak!
The zombie hands release their grip on the death yak.
Found a staircase to the Snake Pit.
Aiming: Borgnjor's Vile Clutch (dangerous; 1% risk of failure)
Press: ? - help, Q - select action, (/) - cycle Shift-Dir - straight line Zombie hands grab the death yak.
Zombie hands grab the rime drake.
* * * LOW HITPOINT WARNING * * *
The zombie hands constrict the rime drake!
The zombie hands constrict the death yak!
The rime drake struggles to escape constriction.
The death yak closely misses you.
The rime drake struggles to escape constriction.
The zombie hands constrict the rime drake!
You kill the rime drake!
The zombie hands constrict the death yak.
The death yak struggles to escape constriction.
The zombie hands constrict the death yak.
You kill the death yak!
Aiming: Borgnjor's Vile Clutch (dangerous; 1% risk of failure)
Press: ? - help, Q - select action, (/) - cycle Shift-Dir - straight line, f - rime drake
Aim: a rime drake (100% to hit)
Zombie hands grab the death yak.
Zombie hands grab the rime drake.
* * * LOW HITPOINT WARNING * * *
The zombie hands constrict the rime drake.
The zombie hands constrict the death yak!
The rime drake struggles to escape constriction.
The death yak struggles to escape constriction.
The zombie hands constrict the rime drake!
The zombie hands constrict the death yak.
The rime drake struggles to escape constriction.
The death yak struggles to escape constriction.
The rime drake escapes!
The zombie hands constrict the death yak!
The death yak struggles to escape constriction.
The rime drake breathes ice at you. The flash freeze hits you!
You feel a painful chill!
You die...

#.......#..P....##......
.###.kY###.......#..#...#
..........................
...................#.....#
.............#....####...#
...................###...#
..................P#.....#
.........................#
.........@...#...#####.###
................# #..##
.....PP..........# .#..#.
....#####...##...####.....
....######...#...#P.......
....PPP.##...P...##.......
..........................
............#...P.........
...................#......


You could see a death yak (clutched) and a rime drake (catching breath).

Vanquished Creatures
  Kirke (Lair:4)
  Snorg (Lair:3)
  A hydra (Lair:3)
  A boulder beetle (Lair:3)
  A tengu warrior (D:11)
  11 death yaks
  Pikel (D:4)
  A manticore (D:11)
  A deep elf pyromancer (D:11)
  3 elephants (Lair:2)
  A black mamba (Lair:3)
  8 cane toads
  2 rime drakes (Lair:4)
  A kobold demonologist (D:8)
  3 komodo dragons
  A troll (D:11)
  A tengu conjurer (D:11)
  A polar bear (Lair:3)
  5 blink frogs
  Sigmund (D:5)
  2 wyverns
  15 yaks
  5 wraiths
  2 basilisks
  5 hogs (Lair:4)
  Edmund (D:5)
  2 nagas (Lair:4)
  An acid dragon (D:11)
  9 water moccasins
  A sky beast (D:3)
  2 necrophages
  12 wolves
  7 ogres
  11 centaurs
  3 phantoms
  8 bullfrogs
  5 kobold brigands
  2 gnoll sergeants
  2 wyvern zombies (D:8)
  A scorpion (D:7)
  9 wights
  9 killer bees
  2 howler monkeys
  3 bullfrog zombies
  3 centaur zombies
  5 hounds
  4 orc priests
  A gnoll shaman (D:8)
  Crazy Yiuf (D:2)
  2 centaur skeletons
  A bullfrog skeleton (D:6)
  5 iguanas
  An ancestor (D:8)
  10 orc wizards
  A scorpion zombie (D:5)
  2 howler monkey zombies (D:7)
  7 gnolls
  8 adders
  A white imp (D:6)
  2 ufetubi
  4 worms
  3 dart slugs
  19 orcs
  7 ball pythons
  5 bats
  11 endoplasms
  3 giant cockroaches
  9 goblins
  9 hobgoblins
  6 jackals
  8 quokkas
  A frilled lizard (D:3)
  17 kobolds
  5 rats
326 creatures vanquished.

Vanquished Creatures (collateral kills)
  Josephine (D:10)
  A hydra (Lair:2)
  2 cane toads
  A komodo dragon (Lair:1)
  A rime drake (Lair:3)
  Prince Ribbit (Lair:3)
  A meliai zombie (D:10)
  2 blink frogs (Lair:2)
  A wraith (D:10)
  A hog (Lair:4)
  2 water moccasins
  A wolf (Lair:1)
  A bullfrog (Lair:3)
  3 gnolls (D:9)
19 creatures vanquished.

Vanquished Creatures (others)
  A human (Lair:4)
  A naga (Lair:4)
  2 ancestors (D:9)
  6 hexers
  8 foxfires
  21 fungi
  71 plants
110 creatures vanquished.

Grand Total: 455 creatures vanquished

Notes
Turn   | Place    | Note
-------+----------+-------------------------------------------
     0 | D:1      | siradein the Djinni Earth Elementalist began the quest for
                  | the Orb.
     0 | D:1      | Reached XP level 1. HP: 15/15 MP: 0/0
    90 | D:1      | Reached skill level 3 in Spellcasting
   203 | D:1      | Reached XP level 2. HP: 18/21 MP: 0/0
  1084 | D:2      | Reached XP level 3. HP: 23/25 MP: 0/0
  1084 | D:2      | Learned a level 1 spell: Foxfire
  1556 | D:2      | Reached skill level 4 in Spellcasting
  1901 | D:2      | Reached XP level 4. HP: 27/31 MP: 0/0
  2144 | D:2      | Found a runed translucent door.
  2145 | D:2      | Noticed Crazy Yiuf
  2338 | D:2      | Found a faded altar of an unknown god.
  2805 | D:2      | Killed Crazy Yiuf
  3208 | D:3      | Reached XP level 5. HP: 31/35 MP: 0/0
  3208 | D:3      | Learned a level 2 spell: Wereblood
  4217 | D:3      | Reached skill level 5 in Spellcasting
  4452 | D:3      | Noticed a sky beast
  4466 | D:3      | Killed a sky beast
  4467 | D:3      | Reached XP level 6. HP: 5/40 MP: 0/0
  5185 | D:4      | Reached skill level 6 in Spellcasting
  5256 | D:4      | Identified Sif Muna's Reference Book on the Snowflakes
  6181 | D:4      | Found a staircase to the Ecumenical Temple.
  6186 | Temple   | Entered the Ecumenical Temple
  6384 | D:4      | Reached XP level 7. HP: 35/45 MP: 0/0
  6384 | D:4      | Learned a level 3 spell: Ignite Poison
  6737 | D:4      | Reached skill level 7 in Spellcasting
  6955 | D:4      | Found a sparkling altar of Nemelex Xobeh.
  7338 | D:4      | Noticed Pikel
  7370 | D:4      | Killed Pikel
  7371 | D:4      | Reached skill level 8 in Spellcasting
  7371 | D:4      | Reached XP level 8. HP: 28/50 MP: 0/0
  7859 | D:5      | Entered Level 5 of the Dungeon
  8049 | D:5      | Reached skill level 9 in Spellcasting
  8130 | D:5      | Noticed Edmund
  8134 | D:5      | Noticed Sigmund
  8147 | D:5      | Killed Edmund
  8150 | D:5      | Killed Sigmund
  8151 | D:5      | Reached XP level 9. HP: 17/55 MP: 0/0
  8151 | D:5      | Learned a level 3 spell: Vampiric Draining
  8956 | D:5      | Found an ornate altar of the Wu Jian Council.
  8964 | D:5      | Reached skill level 10 in Spellcasting
 10587 | D:6      | Reached skill level 11 in Spellcasting
 12092 | D:7      | Found Buzecw's Antique Weapon Shop.
 12349 | D:7      | Reached XP level 10. HP: 54/60 MP: 0/0
 12546 | D:7      | Found a hazy altar of Hepliaklqana.
 12774 | D:7      | Became a worshipper of Hepliaklqana the Forgotten
 13070 | D:8      | Found a shadowy altar of Dithmenos.
 13116 | D:8      | Reached skill level 1 in Fighting
 13252 | D:8      | Reached skill level 1 in Armour
 13595 | D:8      | Found Diustygu's Weapon Emporium.
 13733 | D:8      | Noticed a kobold demonologist
 13747 | D:8      | Killed a kobold demonologist
 13748 | D:8      | Reached skill level 12 in Spellcasting
 14130 | D:9      | Reached * piety under Hepliaklqana
 14231 | D:9      | Noticed a death yak
 14234 | D:9      | Noticed a death yak
 15167 | D:10     | Entered Level 10 of the Dungeon
 15756 | D:10     | Noticed Josephine
 15762 | D:10     | Killed Josephine
 15763 | D:10     | Reached skill level 5 in Dodging
 15763 | D:10     | Reached XP level 11. HP: 16/65 MP: 0/0
 15763 | D:10     | Learned a level 5 spell: Borgnjor's Vile Clutch
 16780 | D:10     | Reached ** piety under Hepliaklqana
 16781 | D:10     | Remembered your ancestor Dickwad as a hexer
 17573 | D:9      | Found a staircase to the Lair.
 17576 | D:9      | Noticed a death yak
 17579 | D:9      | Noticed a death yak
 17580 | D:9      | Noticed a death yak
 17581 | D:9      | Noticed a death yak
 17583 | D:9      | Noticed a death yak
 17586 | D:9      | Killed a death yak
 17589 | D:9      | Killed a death yak
 17590 | D:9      | Reached skill level 5 in Fighting
 17590 | D:9      | Reached skill level 5 in Armour
 17590 | D:9      | Killed a death yak
 17604 | D:9      | Killed a death yak
 18110 | D:9      | Found a burning altar of Makhleb.
 18138 | D:9      | Found a staircase to the Orcish Mines.
 18688 | D:11     | Noticed a manticore
 18696 | D:11     | Killed a manticore
 18891 | D:11     | Noticed a deep elf pyromancer
 18894 | D:11     | Killed a deep elf pyromancer
 18982 | D:11     | Found Miahaaw's Jewellery Shop.
 18995 | D:11     | Found Xadoinum's Antique Weapon Emporium.
 19079 | D:11     | Found Humoq's Book Shop.
 19145 | D:11     | Found Boyn's Magic Scroll Boutique.
 19173 | D:11     | Identified the ring of Faumup {Wiz rF+ MP-9 Stlth+}
 19173 | D:11     | Noticed a tengu warrior
 19182 | D:11     | Killed a tengu warrior
 19183 | D:11     | Reached XP level 12. HP: 58/75 MP: 0/0
 19357 | D:11     | Reached *** piety under Hepliaklqana
 19598 | D:11     | Found Duimn's Antique Armour Shop.
 19949 | D:9      | Killed a death yak
 19949 | D:9      | Killed a death yak
 19949 | D:9      | Killed a death yak
 19950 | D:9      | Reached skill level 13 in Spellcasting
 20011 | Lair:1   | Entered Level 1 of the Lair of Beasts
 20672 | Lair:1   | Found a sacrificial altar of Ru.
 21748 | Lair:2   | Reached **** piety under Hepliaklqana
 22589 | Lair:2   | Noticed a seven-headed hydra
 22598 | Lair:2   | Killed a seven-headed hydra
 22873 | Lair:2   | Upgraded the game from 0.27-a0-978-g2aa4ecdaef to
                  | 0.27-a0-988-g25969acef8
 23052 | Lair:2   | Found a staircase to the Shoals.
 23177 | Lair:2   | Reached XP level 13. HP: 53/82 MP: 0/0
 23177 | Lair:2   | Learned a level 5 spell: Alistair's Intoxication
 23796 | Lair:2   | Reached ***** piety under Hepliaklqana
 23981 | Lair:3   | Found a sacrificial altar of Ru.
 24263 | Lair:3   | Noticed Snorg
 24272 | Lair:3   | Killed Snorg
 24273 | Lair:3   | Reached skill level 1 in Invocations
 24633 | Lair:3   | Noticed Prince Ribbit
 24637 | Lair:3   | Killed Prince Ribbit
 25112 | Lair:3   | Reached skill level 10 in Dodging
 25882 | Lair:4   | Noticed Kirke
 25900 | Lair:4   | Killed Kirke
 26198 | Lair:4   | Found a staircase to the Snake Pit.
 26214 | Lair:4   | Killed from afar by a rime drake

Illustrated notes

Levels and vault maps discovered:
D:1:      tarquinn_simple_flora_water_d, layout_loops_ring, serial_forest,
          infiniplex_forest_corner_1, infiniplex_forest_straight_3,
          infiniplex_forest_lined_2, infiniplex_forest_clump_medium,
          infiniplex_forest_3_way, infiniplex_forest_fountain,
          infiniplex_forest_lined_2, infiniplex_forest_straight_5,
          infiniplex_forest_straight_4, minmay_tree_intersection,
          grunt_decor_cap
D:2:      layout_basic, shapermc_ecumenical_altar_venn,
          minmay_misc_feat_ornament, ebering_dispersal_statue_hall,
          minmay_octomino_c4, uniq_crazy_yiuf_cottage
D:3:      minmay_chambers_of_threes, layout_basic, serial_corexii_hall,
          corexii_hall_statues_t, corexii_hall_statues_i, chequers_big_river,
          hangedman_decor_growths, minivault_24
D:4:      layout_loops_corners, nemelex_dance_club_becter, led_sif_book,
          temple_doors_e, palyth_stone_intersect, cheibrodos_gnoll_hut,
          uniq_pikel
D:5:      layout_basic, nicolae_wu_jian_immortal_techniques, uniq_edmund,
          uniq_sigmund
D:6:      layout_gridville
D:7:      layout_loops_corners, nicolae_overflow_crystal_walls, serial_shops,
          shop, minmay_between
D:8:      layout_cave_pools, nicolae_dithmenos_the_darkroom, serial_shops, shop,
          special_room [special_room_kobold]
D:9:      layout_roguey, lightli_temple_of_fire, dpeg_lair_monsters, orc_0_dummy
D:10:     cheibrodos_helix_gallery, layout_grid_maze, uniq_josephine
D:11:     layout_long_grid, serial_shops, shop, shop, nicolae_shop_behind_doors,
          shop, shop, serial_rivers, chequers_serial_rivers_micro_a,
          chequers_serial_rivers_small_3, chequers_serial_rivers_micro_e,
          chequers_serial_rivers_large_b, chequers_serial_rivers_micro_b,
          chequers_serial_rivers_micro_e
Temple:   eino_temple_rhombus
Lair:1:   layout_cave_pods, chequers_serial_rivers_large_a,
          serial_bayou_lagoon_a, small_statue_intersection,
          lemuel_centaur_altar, serial_bayou_shore_a
Lair:2:   layout_regular_city, minmay_shoals_entry_centaurs,
          beast_lair_carwin_5, infiniplex_staircase_pool, serial_bayou_shore_b
Lair:3:   layout_cave_pods, basic_altar, grunt_megastairs_3,
          uniq_prince_ribbit2, uniq_snorg
Lair:4:   layout_gridlike, minmay_snake_entry_guardpost_small,
          eino_small_chamber_without_monster, st_stairs_13,
          minmay_lair_drake_nest, uniq_kirke

Skill      XL: |  1  2  3  4  5  6  7  8  9 10 11 12 13 |
---------------+----------------------------------------+-----
Spellcasting   | 3 4 5 6 8 9 11 12 13 | 13.8
Fighting       | 4 6 8 9 |  9.3
Armour         | 4 6 8 9 |  9.3
Dodging        | 5 7 9 10 | 10.4
Invocations    | 3 |  3.9
Stealth        | |  1.5

Action                   |  1- 3 |  4- 6 |  7- 9 | 10-12 | 13-15 || total
-------------------------+-------+-------+-------+-------+-------++-------
Melee: Staff             |       |       |       |     1 |       ||     1
 Cast: Sandblast         |    35 |       |       |       |       ||    35
       Stone Arrow       |    10 |    91 |   119 |    77 |       ||   297
       Lee's Rapid Decon |       |       |     6 |    25 |     3 ||    34
       Petrify           |       |       |    19 |    21 |     2 ||    42
       Vampiric Draining |       |       |       |     8 |       ||     8
       Borgnjor's Vile C |       |       |       |   118 |    68 ||   186
       Foxfire           |       |       |       |     3 |     1 ||     4
       Alistair's Intoxi |       |       |       |       |     2 ||     2
Invok: Ancestor Identity |       |       |       |     2 |     1 ||     3
       Recall Ancestor   |       |       |       |     1 |       ||     1
       Ancestor Life: He |       |       |       |     1 |       ||     1
  Use: Scroll            |       |       |     4 |     8 |     1 ||    13
       Potion            |       |       |       |     1 |       ||     1
Armor: Robe              |     1 |     6 |       |       |       ||     7
       Scale mail        |       |       |     8 |    31 |     3 ||    42
Dodge: Dodged            |     6 |    12 |    10 |    26 |     3 ||    57

Table legend: (Time is in decaauts)
 A = Elapsed time spent in this place.
 B = Non-inter-level travel time spent in this place.
 C = Inter-level travel time spent in this place.
 D = Time resting spent in this place.
 E = Time spent auto-exploring this place.
 F = Levels seen in this place.
 G = Mean time per level.
                   A        B        C        D        E       F      G
               +--------+--------+--------+--------+--------+-----+--------+
         Total |  26215 |  25623 |    592 |   2165 |  21257 |  16 | 1638.4 |
       Dungeon |  19838 |  19322 |    516 |   1767 |  15871 |  11 | 1803.5 |
        Temple |    174 |    174 |      0 |      0 |    159 |   1 |  174.0 |
          Lair |   6202 |   6126 |     76 |    398 |   5227 |   4 | 1550.5 |
               +--------+--------+--------+--------+--------+-----+--------+

Top non-repeatable levels by time:
     D:3: 2475 daAuts
    D:10: 2294 daAuts
     D:4: 2280 daAuts
  Lair:1: 2065 daAuts
     D:2: 2025 daAuts
     D:9: 2007 daAuts
  Lair:2: 1904 daAuts
  Lair:3: 1818 daAuts
     D:6: 1770 daAuts
     D:8: 1622 daAuts
     D:7: 1522 daAuts
     D:5: 1502 daAuts
    D:11: 1297 daAuts
     D:1: 1038 daAuts
  Lair:4: 414 daAuts
